 Dungeon Crawl Stone Soup version 0.30.1-9-gdf580d7c3d (webtiles) character file.

Game seed: 16418016832323630501

23 adizb the Trooper (level 2, -6/26 HPs)
             Began as a Ghoul Monk on Oct 24, 2023.
             Mangled by a worm (7 damage)
             ... on level 1 of the Dungeon.
             The game lasted 00:05:19 (478 turns).

adizb the Trooper (Ghoul Monk)                       Turns: 478, Time: 00:05:20

Health: -6/26      AC:  2    Str: 14    XL:     2   Next: 95%
Magic:  1/1        EV: 10    Int:  5    God:
Gold:   54         SH:  6    Dex: 11    Spells: 1/1 levels left

rFire   . . .        a - +0 short sword
rCold   + . .        f - +0 kite shield
rNeg    + + +        b - +0 robe
rPois   ∞            (no helmet)
rElec   .            (no cloak)
rCorr   .            (no gloves)
SInv    .            (no boots)
Will    .....        (no amulet)
Stlth   ++           (no ring)
HPRegen 0.00/turn    (no ring)
MPRegen 0.07/turn

%: no passive effects
@: inhibited regen
A: claws 1, cold resistance 1, negative energy resistance 3, inhibited
regeneration, torment resistance 2, devour on kill
a: no special abilities


You were on level 1 of the Dungeon.
You visited 1 branch of the dungeon, and saw 1 of its levels.

You collected 54 gold pieces.

Inventory:

Hand Weapons
 a - a +0 short sword (weapon)
Armour
 b - a +0 robe (worn)
 d - an orb of light
 f - a +0 kite shield (worn)
Scrolls
 e - a scroll of teleportation {unknown}
 g - a scroll of noise {unknown}
 i - a scroll of silence {unknown}
 j - a scroll of identify {unknown}
Potions
 c - a potion of ambrosia
 h - a potion of resistance {unknown}


   Skills:
 + Level 3.6 Fighting
 + Level 2.9 Short Blades
 + Level 3.0 Dodging
 + Level 1.2 Stealth
 + Level 0.0 Shields


You had one spell level left.
You didn't know any spells.
Your spell library contained the following spells:

 Spells                   Type           Power      Damage    Failure   Level
 Petrify                  Tmut/Erth      0%         N/A       100%        4
 Irradiate                Conj/Tmut      0%         3d11      100%        5
 Sublimation of Blood     Necr           Unusable   N/A       N/A         2

Dungeon Overview and Level Annotations

Branches:
Dungeon (1/15)

Altars:


Innate Abilities, Weirdness & Mutations

You are immune to poison.
You have sharp fingernails.
Your flesh is cold resistant. (rC+)
You are immune to negative energy. (rN+++)
You do not regenerate when monsters are visible.
You are immune to unholy pain and torment.
You thrive by killing the living.


Message History

You pick up a book of Alchemy and begin reading...
You add the spells Petrify and Irradiate to your library.
j - a scroll labelled HEF ETERYVICKENK You start putting on your armour.
You continue putting on your +0 kite shield. x4
You finish putting on your +0 kite shield.
Your movement speed is average.
Your attack delay is about 1.0 (and is slowed by your shield).
Your damage rating with your +0 short sword is about 5 (Base 5 x 102% (Dex) x 111% (Skill)).
Found an escape hatch in the floor.
A worm comes into view.
Found 4 gold pieces.
The worm bites you!
You barely miss the worm. You block the worm's attack.
You hit the worm.
The worm is lightly wounded.
You hit the worm but do no damage.
The worm is lightly wounded.
The worm barely misses you.
You hit the worm.
The worm is lightly wounded.
The worm completely misses you.
You hit the worm.
The worm is lightly wounded.
You hit the worm.
The worm is heavily wounded.
The worm bites you!
You hit the worm.
The worm is heavily wounded.
The worm bites you.
You hit the worm but do no damage.
The worm is moderately wounded.
You hit the worm.
The worm is heavily wounded.
The worm bites you!
* * * LOW HITPOINT WARNING * * *
You barely miss the worm.
The worm is heavily wounded.
The worm bites you!
You die...

#.###.##.# #.......# #.#
#.##.# #.......#
#.###.##.## #........
#.........# #....... .
#.#.......# ##.....##..
#.#....#.)# #....#.....
.......#..####..........
.....†..................
##..###########§@§#....
###.# #.w.# . # #.#
#≈..# # #.. #≈$.# # ####
#...# # .#### # . # ##
.# # .#


You could see a worm.

Vanquished Creatures
  2 dart slugs (D:1)
  An endoplasm (D:1)
  4 hobgoblins (D:1)
  4 jackals (D:1)
  A quokka (D:1)
  2 bats (D:1)
  A goblin (D:1)
  A rat (D:1)
16 creatures vanquished.

Notes
Turn   | Place    | Note
-------+----------+-------------------------------------------
     0 | D:1      | adizb the Ghoul Monk began the quest for the Orb.
     0 | D:1      | Reached XP level 1. HP: 19/19 MP: 0/0
   206 | D:1      | Reached XP level 2. HP: 26/26 MP: 1/1
   238 | D:1      | Found a faded altar of an unknown god.
   292 | D:1      | Reached skill level 1 in Stealth
   477 | D:1      | HP: 1/26 [worm (7)]
   478 | D:1      | Mangled by a worm

Illustrated notes

Levels and vault maps discovered:
D:1:      dpeg_arrival_brainrot, layout_basic,
          ebering_ecumenical_altar_sacrificial, serial_shops, shop

Skill      XL: |  1  2 |
---------------+-------+-----
Stealth        | 1 |  1.2
Dodging        | 3 |  3.0
Fighting       | |  3.6
Short Blades   | |  2.9

Action                     || total
---------------------------++-------
  Melee: Short sword       ||    98
         Punch             ||     1
 Armour: Robe              ||    18
  Dodge: Dodged            ||    47
  Block: Kite shield       ||     1
